 Dungeon Crawl Stone Soup version 0.21.1-1-g345015f (webtiles) character file.

370 troglodite the Skirmisher (level 6, 0/48 HPs)
             Began as a Demonspawn Berserker on Feb 12, 2018.
             Was a Priest of Trog.
             Succumbed to a scorpion's poison
             ... on level 4 of the Dungeon.
             The game lasted 00:08:41 (3173 turns).

troglodite the Skirmisher (Demonspawn Berserker)    Turns: 3173, Time: 00:08:42

Health: 0/48       AC: 12    Str: 22    XL:     6   Next: 42%
Magic:  6/6        EV:  9    Int: 13    God:    Trog [***...]
Gold:   160        SH:  0    Dex: 15    Spells: 5/5 levels left

rFire    . . .     SeeInvis .   j - +2 dagger (venom)
rCold    . . .     Gourm    .   (no shield)
rNeg     . . .     Faith    +   i - +0 chain mail (curse)
rPois    .         Spirit   .   s - +0 helmet
rElec    .         Reflect  .   (no cloak)
rCorr    .         Harm     .   p - +0 pair of gloves
MR       .....                  o - +0 pair of boots
Stlth    ..........             l - amulet of faith
HPRegen  0.16/turn              (no ring)
MPRegen  0.10/turn              (no ring)

@: mighty, brilliant, lethally poisoned (0 -> -16), berserk cooldown, slowed,
very slow
A: hooves 1, powered by death 2
a: Berserk, Trog's Hand, Burn Spellbooks, Renounce Religion


You were on level 4 of the Dungeon.
You worshipped Trog.
Trog was most pleased with you.
You were near starving.

You visited 1 branch of the dungeon, and saw 4 of its levels.

You collected 160 gold pieces.

Inventory:

Hand Weapons
 a - a +0 falchion
 j - a +2 dagger of venom (weapon)
 w - a +0 hunting sling
Missiles
 g - 178 stones (quivered)
Armour
 i - a cursed +0 chain mail (worn)
 o - a +0 pair of boots (worn)
 p - a +0 pair of gloves (worn)
 s - a +0 helmet (worn)
Jewellery
 d - an uncursed ring of fire {unknown}
 l - an amulet of faith (around neck)
 m - an uncursed amulet of guardian spirit {unknown}
Scrolls
 f - 2 scrolls of blinking {unknown}
 h - 2 scrolls of remove curse {unknown}
 k - a scroll of immolation {unknown}
 q - a scroll of enchant weapon {unknown}
 u - 3 scrolls of identify {unknown}
 v - 3 scrolls of teleportation {unknown}
 y - 2 scrolls of amnesia {unknown}
 A - a scroll of fog {unknown}
 B - a scroll of enchant armour {unknown}
Potions
 e - a potion of brilliance
 r - a potion of flight {unknown}
 t - a potion of curing {unknown}
 z - a potion of degeneration {unknown}
Comestibles
 c - 6 rations
 x - 8 chunks of flesh


   Skills:
 * Level 4.0 Fighting
 + Level 2.3(3.1) Short Blades
 + Level 3.1(3.6) Long Blades
 * Level 1.6 Slings
 * Level 3.7 Armour
 * Level 2.6 Dodging
 + Level 0.1 Stealth


You had 5 spell levels left.
You didn't know any spells.

Dungeon Overview and Level Annotations

Branches:
Dungeon (4/15)
 Temple: D:4-7

Altars:
Trog


Innate Abilities, Weirdness & Mutations

You regenerate health from kills.
You have large cloven feet.


Message History

Unknown command.
You hit the scorpion.
The scorpion is lightly wounded.
You feel sick. The scorpion barely misses you. The scorpion stings you.
You are more poisoned.
The scorpion poisons you!
It was a potion of brilliance.
You feel clever all of a sudden.
You feel sick. The scorpion stings you!
* * * LOW HITPOINT WARNING * * *
It was a potion of mutation.
You feel extremely strange.
You feel robust.
You feel frail.
Your feet thicken and deform.
* * * LOW HITPOINT WARNING * * *
You feel sick. The scorpion stings you!
* * * LOW HITPOINT WARNING * * *
You are more poisoned.
The scorpion poisons you! The scorpion closely misses you.
It was a potion of might.
You feel very mighty all of a sudden.
You die...

### #####
#..####...##
#..........#
#.........#####
#.........##..#
##.
#.............#
....
+...........).#
...
#..##.@######.#
..#
##s†##.###.##..##.
#.........†.......
#.................
#.........!.......
##.............##.
#..##..###+####
#..##..# ........#


You could see a scorpion.

Vanquished Creatures
  The ghost of Mgcat the Skirmisher, an amateur GrMo (D:4)
  The ghost of othur the Shield-Bearer, an amateur MiFi (D:3)
  3 adders
  An ooze (D:3)
  A dart slug (D:1)
  A leopard gecko (D:1)
  A ball python (D:1)
  8 bats
  3 giant cockroaches
  7 goblins
  9 hobgoblins
  7 jackals
  6 frilled lizards
  11 kobolds
  9 rats
69 creatures vanquished.

Notes
Turn   | Place    | Note
-------+----------+-------------------------------------------
     0 | D:1      | troglodite the Demonspawn Berserker began the quest for the Orb.
     0 | D:1      | Reached XP level 1. HP: 18/18 MP: 1/1
   119 | D:1      | Gained mutation: You regenerate a little health from kills. [demonic ancestry]
   119 | D:1      | Reached XP level 2. HP: 24/24 MP: 2/2
   830 | D:1      | Reached ** piety under Trog
  1215 | D:2      | Reached XP level 3. HP: 29/29 MP: 3/3
  2346 | D:3      | Reached XP level 4. HP: 30/35 MP: 4/4
  2385 | D:3      | Noticed othur's ghost (amateur MiFi)
  2402 | D:3      | Killed othur's ghost
  2402 | D:3      | Reached skill level 1 in Short Blades
  2402 | D:3      | Reached skill level 1 in Slings
  2402 | D:3      | Gained mutation: You regenerate health from kills. [demonic ancestry]
  2402 | D:3      | Reached XP level 5. HP: 30/41 MP: 5/5
  3010 | D:3      | Found a bloodstained altar of Trog.
  3030 | D:3      | Reached *** piety under Trog
  3125 | D:4      | Got an ichor-stained flail
  3134 | D:4      | Noticed Mgcat's ghost (amateur GrMo)
  3158 | D:4      | Killed Mgcat's ghost
  3158 | D:4      | Reached skill level 4 in Fighting
  3158 | D:4      | Reached XP level 6. HP: 48/48 MP: 6/6
  3172 | D:4      | Gained mutation: You are robust. (+10% HP) [potion of mutation]
  3172 | D:4      | Lost mutation: You are robust. (+10% HP) [potion of mutation]
  3172 | D:4      | Gained mutation: You have large cloven feet. [potion of mutation]
  3172 | D:4      | HP: 1/48 [scorpion (7)]
  3173 | D:4      | Succumbed to a scorpion's poison

Skill      XL: |  1  2  3  4  5 |
---------------+----------------+-----
Armour         | 2 3 |  3.7
Long Blades    | 3 |  3.1
Dodging        | 2 |  2.6
Short Blades   | 1 2 |  2.3
Slings         | 1 |  1.6
Fighting       | 4 |  4.0
Stealth        | |  0.1

Action                   |  1- 3 |  4- 6 || total
-------------------------+-------+-------++-------
Melee: Falchion          |    15 |       ||    15
       Dagger            |   113 |    99 ||   212
Invok: Berserk           |     1 |     2 ||     3
  Use: Potion            |       |     3 ||     3
  Eat: Chunk             |     5 |     3 ||     8
Armor: Animal skin       |     8 |       ||     8
       Chain mail        |    70 |    62 ||   132
Dodge: Dodged            |    50 |    53 ||   103
       Rpst.: Falchion   |     5 |       ||     5
